Cogmind - Beta 9.4 @@@ ROGUE MODE // 2020.04.26 @ 11:00:29 Player: Chad Result: Destroyed by DAS Turret with DAS Cannon Performance ------------- Evolutions (0) 0 Regions Visited (3) 600 Robots Destroyed (8) 40 Value Destroyed (136) 136 Prototype IDs (4) 80 Alien Tech Used (0) 0 Bonus (300) 300 TOTAL SCORE: 1156 Bonus ------- Aligned with FarCom 300 Cogmind --------- Core Integrity 0/250 Matter 267/300 Energy 98/100 System Corruption 0% Temperature Cool (0) Movement Core (50) Location -10/Exiles Parts ------- > --- POWER (1) -------- (None) > --- PROPULSION (2) --- (None) > --- UTILITY (2) ------ (None) > --- WEAPON (2) ------- (None) > --- INVENTORY (4) ---- Firepult YOLO Cannon Peak State ------------ > --- POWER ------------ Ion Engine > --- PROPULSION ------- Aluminum Leg Aluminum Leg > --- UTILITY ---------- Small Storage Unit > --- WEAPON ----------- YOLO Cannon > --- INVENTORY -------- Firepult Deploy-a-Sentry Deploy-a-Sentry Deploy-a-Sentry [Rating: 28] Favorites ----------- Power Ion Engine Engine Ion Engine Propulsion Aluminum Leg Leg Aluminum Leg Utility Small Storage Unit Storage Small Storage Unit Weapon Light Cannon Energy Cannon YOLO Cannon Ballistic Gun Assault Rifle Ballistic Cannon Light Cannon Build | -11 -10 -10 -10 ------- Run | Scr Mat Min Exi Slots Evolved . | . . . . Power . | . . . . Propulsion . | . . . . Utility . | . . . . Weapon . | . . . . Parts Attached 16 | 6 6 . 4 Power 2 | 1 1 . . Engine 2 | 1 1 . . Core . | . . . . Reactor . | . . . . Propulsion 4 | 2 2 . . Treads . | . . . . Leg 4 | 2 2 . . Wheel . | . . . . Hover . | . . . . Flight . | . . . . Utility 1 | 1 . . . Device . | . . . . Storage 1 | 1 . . . Processor . | . . . . Hackware . | . . . . Protection . | . . . . Artifact . | . . . . Weapon 9 | 2 3 . 4 Energy Gun . | . . . . Energy Cannon 2 | . . . 2 Ballistic Gun 2 | 2 . . . Ballistic Cannon 5 | . 3 . 2 Launcher . | . . . . Special Weapon . | . . . . Impact Weapon . | . . . . Slashing Weapon . | . . . . Piercing Weapon . | . . . . Special Melee Weapon . | . . . . Unidentified Prototypes 2 | . . . 2 Parts Lost 3 | . . . 3 Power 1 | . . . 1 Propulsion 2 | . . . 2 Utility . | . . . . Weapon . | . . . . Highest Loss Streak 3 | . . . 3 Average Slot Usage (%) 76 | . 85 85 67 Engine 12 | . 14 14 11 Leg 25 | . 28 28 22 Storage 12 | . 14 14 12 Energy Cannon 2 | . . . 4 Ballistic Gun 7 | . 22 . . Ballistic Cannon 14 | . 5 28 16 Naked Turns 27 | . . . 27 Heaviest Build 31 | 13 15 15 31 Greatest Support 20 | 20 20 20 20 Greatest Overweight (x) 2 | 1 . . 2 Average Overweight (x) . | . . . . Largest Inventory Capacity 6 | 6 6 6 6 Average Capacity 5 | 5 6 6 5 Most Carried 5 | 2 3 1 5 Average Carried 1 | . 1 1 1 Final Capacity 6 | 6 6 6 4 Final Carried 4 | . 1 1 4 Class Distribution -------------------- 100% | Mutant Dominant Class ---------------- Mutant | -10/Materials Mutant | -10/Mines Mutant | -10/Exiles Resources | -11 -10 -10 -10 ----------- Run | Scr Mat Min Exi Matter Collected 502 | 259 101 47 95 Remotely . | . . . . Salvage Created 170 | . 166 . 4 Parts 11 | . 11 . . Haulers Intercepted . | . . . . Recyclers Shooed . | . . . . Parts Field Recycled . | . . . . Retrieved Matter . | . . . . Parts Self-Destructed . | . . . . Prevented . | . . . . Kills | -11 -10 -10 -10 ------- Run | Scr Mat Min Exi Combat Hostiles Destroyed 8 | . 5 . 3 Guns 5 | . 5 . . Cannons 1 | . . . 1 AOE 2 | . . . 2 Classes Destroyed 3 | . 2 . 1 Swarmer 2 | . 2 . . Grunt 3 | . 3 . . Assembled 2 | . . . 2 Best Kill Streak 3 | . 3 . 2 Combat Bots Only 3 | . 3 . 2 Max Kills in Single Turn 2 | . 1 . 2 Gunslinging . | . . . . Exploded 2 | . . . 2 Melee . | . . . . Uniques/NPCs Destroyed 1 | . . . 1 8R-AWN (-10/Exiles) Combat | -11 -10 -10 -10 -------- Run | Scr Mat Min Exi Damage Taken 1149 | . 483 . 666 Core 291 | . 66 . 225 Absorbed by Shields . | . . . . Core Remaining (%) 100 | 100 . . . Volleys Fired 40 | . 25 . 15 Largest 2 | . 2 . 2 Hottest 100 | . 40 . 100 Shots Fired 70 | . 50 . 20 Gun 50 | . 50 . . Cannon 20 | . . . 20 Launcher . | . . . . Special . | . . . . Kinetic 60 | . 50 . 10 Thermal 10 | . . . 10 Explosive . | . . . . Electromagnetic . | . . . . Robot Hit Streak 10 | . 10 . 3 Robot Miss Streak 3 | . 3 . 3 Penetration Max . | . . . . Secondary Targets 1 | . 1 . . Max Gunslinging Chain 1 | . 1 . . Shots Hit Robots 42 | . 32 . 10 Core Hits 18 | . 9 . 9 Critical Hits 4 | . . . 4 Critical Kills . | . . . . Critical Parts Destroyed 1 | . . . 1 Melee Attacks . | . . . . Impact . | . . . . Slashing . | . . . . Piercing . | . . . . Sneak Attacks . | . . . . Combat Hostiles . | . . . . Follow-up Attacks . | . . . . Damage Inflicted 692 | . 397 . 295 Guns 397 | . 397 . . Cannons 153 | . . . 153 Explosions 142 | . . . 142 Melee . | . . . . Ramming . | . . . . Kinetic 501 | . 397 . 104 Thermal 191 | . . . 191 Explosive . | . . . . Electromagnetic . | . . . . Impact . | . . . . Slashing . | . . . . Piercing . | . . . . Highest Corruption . | . . . . Average Corruption . | . . . . Corruption Purged . | . . . . Overload Shots . | . . . . Overflow Damage . | . . . . Projectiles . | . . . . Explosions . | . . . . Melee . | . . . . Knockbacks . | . . . . Impact . | . . . . Kinetic . | . . . . Secondary . | . . . . Self-Inflicted Damage 63 | . . . 63 Shots 1 | . . . 1 Rammed . | . . . . Targets Rammed . | . . . . Kicked . | . . . . Crushed . | . . . . Highest Temperature 160 | . 28 . 160 Average Temperature 58 | . 13 . 75 Received Heat Transfer 204 | . 204 . . Siege Activations . | . . . . Robots Corrupted . | . . . . Combat Hostiles . | . . . . Parts Fried . | . . . . Impact Corruptions . | . . . . Robots Melted . | . . . . Combat Hostiles . | . . . . Parts Melted . | . . . . Heat Transferred 340 | . . . 340 Parts Sabotaged . | . . . . Parts Stolen . | . . . . Parts Stripped . | . . . . Power Chain Reactions . | . . . . Missiles Intercepted . | . . . . Alert | -11 -10 -10 -10 ------- Run | Scr Mat Min Exi Peak Influence 144 | . 144 55 . Average Influence 60 | . 80 55 . Maximum Alert Level . | . . . . Low Security (%) 100 | 100 100 100 . Level 1 . | . . . . Level 2 . | . . . . Level 3 . | . . . . Level 4 . | . . . . Level 5 . | . . . . High Security . | . . . . Max Security . | . . . . Squads Dispatched 1 | . 1 . . Investigation 1 | . 1 . . Extermination . | . . . . Reinforcement . | . . . . Assault . | . . . . Garrison . | . . . . Intercept . | . . . . Construction Impeded . | . . . . Haulers Reinforced . | . . . . Stealth | -11 -10 -10 -10 --------- Run | Scr Mat Min Exi Distress Signals 3 | . 3 . . Communications Jammed . | . . . . Distress Signals . | . . . . Times Spotted 20 | . 12 . 8 Peak Tracking Total 9 | . 5 . 9 Tactical Retreats . | . . . . Traps | -11 -10 -10 -10 ------- Run | Scr Mat Min Exi Traps Triggered 1 | . 1 . . Indirectly . | . . . . Trap Hack Attempts . | . . . . Triggered . | . . . . Disarmed . | . . . . Reprogrammed . | . . . . Reused . | . . . . Traps Extracted . | . . . . Installed . | . . . . Triggered . | . . . . Machines | -11 -10 -10 -10 ---------- Run | Scr Mat Min Exi Machines Disabled 4 | . . . 4 Max in Single Turn 1 | . . . 1 Machines Sabotaged . | . . . . Garrisons Compromised . | . . . . Overloaded Fab Kills . | . . . . Fab Network Shutdowns . | . . . . Hacking | -11 -10 -10 -10 --------- Run | Scr Mat Min Exi Machines Accessed 4 | . 3 . 1 Terminals 3 | . 3 . . Fabricators . | . . . . Repair Stations . | . . . . Recycling Units . | . . . . Scanalyzers . | . . . . Garrison Access . | . . . . Total Hacks 11 | . 10 . 1 Successful 7 | . 6 . 1 Failed 4 | . 4 . . Catastrophic . | . . . . Database Lockouts . | . . . . Manual 1 | . . . 1 Terminals 10 | . 10 . . Fabricators . | . . . . Repair Stations . | . . . . Recycling Units . | . . . . Scanalyzers . | . . . . Garrison Access . | . . . . Terminal Hacks 7 | . 6 . 1 Record 4 | . 3 . 1 Prototype ID Bank 1 | . 1 . . Alert Level 1 | . 1 . . Registered Components 1 | . 1 . . Fabricator Hacks . | . . . . Repair Station Hacks . | . . . . Recycling Unit Hacks . | . . . . Scanalyzer . | . . . . Garrison Access Hacks . | . . . . Unauthorized Hacks . | . . . . Terminals . | . . . . Fabricators . | . . . . Repair Stations . | . . . . Recycling Units . | . . . . Scanalyzers . | . . . . Garrison Access . | . . . . Data Cores Recovered . | . . . . Used . | . . . . Hacking Detections . | . . . . Full Trace Events . | . . . . Feedback Events . | . . . . Feedback Blocked . | . . . . Robot Schematics Acquired . | . . . . Robots Built . | . . . . Matter . | . . . . Time . | . . . . Total Robot Build Rating . | . . . . Part Schematics Acquired . | . . . . Parts Built . | . . . . Matter . | . . . . Time . | . . . . Total Part Build Rating . | . . . . Parts Repaired . | . . . . Time . | . . . . Parts Recycled . | . . . . Recycled Matter . | . . . . Retrieved Matter . | . . . . Retrieved Components . | . . . . Parts Scanalyzed . | . . . . Part Schematics Acquired . | . . . . Parts Damaged . | . . . . Bothacking | -11 -10 -10 -10 ------------ Run | Scr Mat Min Exi Used RIF Installer . | . . . . Robots Hacked . | . . . . Non-combat . | . . . . Combat . | . . . . Robot Hacks Applied . | . . . . Relay Couplers Released . | . . . . Robots Rewired . | . . . . Allies Hacked . | . . . . Hacks Repelled . | . . . . Allies | -11 -10 -10 -10 -------- Run | Scr Mat Min Exi Total Allies 2 | . . 2 . Largest Group 2 | . . 2 2 Highest-Rated Group 39 | . . 39 39 Highest-Rated Ally 31 | . . 31 31 Total Orders . | . . . . Ally Attacks 31 | . . . 31 Total Damage 1625 | . . . 1625 Kills 5 | . . . 5 Allies Corrupted . | . . . . Allies Melted . | . . . . Turrets Deployed 3 | . . . 3 Intel | -11 -10 -10 -10 ------- Run | Scr Mat Min Exi Robot Analysis Total . | . . . . Derelict Logs Recovered . | . . . . Drone Launches . | . . . . Drone Recoveries . | . . . . Exploration | -11 -10 -10 -10 ------------- Run | Scr Mat Min Exi Turns Passed 750 | 65 221 113 351 Spaces Moved 481 | 46 108 95 232 Core 58 | 7 . . 51 Treads . | . . . . Legs 423 | 39 108 95 181 Wheels . | . . . . Hover . | . . . . Flight . | . . . . Fastest Speed 50 | 50 120 120 50 Average Speed 114 | 115 120 120 110 Slowest Speed 180 | 120 120 120 180 Overloaded Moves . | . . . . Propulsion Burnouts . | . . . . Robots Hopped . | . . . . Cave-ins Triggered . | . . . . Exploration Rate (%) 29 | 3 28 36 50 Regions Visited 3 Branch Regions 2 Pre-discovered Areas 1 | . . . 1 Known Exits Taken . | . . . . Unknown Exits Taken 3 | 1 1 1 . Scrap Searched 1 | . . 1 . Spaces Dug . | . . . . Terrain Destroyed 43 | . . . 43 Melee . | . . . . Projectile 3 | . . . 3 AOE 40 | . . . 40 Actions | -11 -10 -10 -10 --------- Run | Scr Mat Min Exi Total 593 | 57 149 94 293 Wait 22 | . . . 22 Move 478 | 45 107 94 232 Hop . | . . . . Pick Up 21 | 6 6 . 9 Fast Attach . | . . . . Attach 11 | 6 1 . 4 Detach . | . . . . Swap 5 | . 5 . . Drop 16 | . 5 . 11 Fire 40 | . 25 . 15 Melee . | . . . . Ram . | . . . . Kick . | . . . . Crush . | . . . . Escape Stasis . | . . . . Rewire . | . . . . Trap . | . . . . Miscellaneous . | . . . . Route ------- -11/Scrapyard -10/Materials -10/Mines -10/Exiles History --------- Turn | Location | Event 9 | -11/Scrapyard | Discovered new exit (range 16) 66 | -11/Scrapyard | Entered Materials 254 | -10/Materials | Discovered new exit (range 12) 287 | -10/Materials | Entered Mines 303 | -10/Mines | Build established: Mutant 395 | -10/Mines | Deemed a non-threat by the Exiles lab entrance 395 | -10/Mines | Discovered new exit (range 5) 400 | -10/Mines | Entered Exiles 400 | -10/Exiles | Accompanied by 2 allies 430 | -10/Exiles | Led the pair of lost Derelicts to a safe place 430 | -10/Exiles | Met 8R-AWN 451 | -10/Exiles | Met EX-HEX 498 | -10/Exiles | Met EX-DEC 502 | -10/Exiles | Learned location of Zion (-6) 522 | -10/Exiles | Met EX-BIN 538 | -10/Exiles | Aligned with FarCom system 540 | -10/Exiles | Given EX-Vault access code 568 | -10/Exiles | Opened EX-Vault 579 | -10/Exiles | Found Prototype Energy Cannon 581 | -10/Exiles | Identified Firepult 585 | -10/Exiles | Found Prototype Energy Cannon 587 | -10/Exiles | Identified YOLO Cannon 589 | -10/Exiles | Attacked by the Exiles 598 | -10/Exiles | Found Deploy-a-Sentry 600 | -10/Exiles | Found Deploy-a-Sentry 603 | -10/Exiles | Found Deploy-a-Sentry 608 | -10/Exiles | DAS Turret deployed 610 | -10/Exiles | DAS Turret deployed 612 | -10/Exiles | DAS Turret deployed 686 | -10/Exiles | Core integrity fell below 50% 717 | -10/Exiles | Core integrity fell below 20% 723 | -10/Exiles | Destroyed 8R-AWN 732 | -10/Exiles | Lost 3 parts (1p2n) 751 | -10/Exiles | Destroyed by DAS Turret with DAS Cannon Last Messages --------------- 00699_ HV Slug penetrates Wall. 00699_ Penetrated by HV Slug. 00701_ Aluminum Leg destroyed. 00702_ Dropped YOLO Cannon. 00703_ Dropped Sml. Storage Unit. 00704_ Acquired 23 matter. 00704_ HV Slug penetrates DAS Turret. 00704_ DAS Turret suffers critical hit. 00704_ HV Slug penetrates Wall. 00706_ Acquired Lgt. Cannon. 00708_ Penetrated by HV Slug. 00708_ HV Slug penetrates Wall. 00711_ 8R-AWN suffers critical hit. 00716_ Penetrated by HV Slug. 00723_ 8R-AWN suffers critical hit. 00723_ Destroyed Prototype Protection. 00723_ 8R-AWN destroyed. 00727_ Acquired 27 matter. 00730_ Dropped Lgt. Cannon. 00731_ Acquired YOLO Cannon. Map ----- +----------------------------------------------------+ | ?????????????????????##"###"" ; #"""""""#???? | | ?????????????????????? ???# ; #"""""""#???? | | ??????????????????????????## ; """""""#???? | | ???????????????????????????##; "" """"#???? | | ???????????????????????????## """"#???? | | ???????????????????????????#" """#???? | | ???????????????????????????#" """#???? | | ???????????????????????????#" """#???? | | ???????????????#####???????#" """#???? | | ??????????????? """#??????#" """#???? | | ??????????????"" """#??????##" """"???? | | ?????????????#"" #???????## """#???? | | ?????????????#"" #????????#" "X" """"???? | | ?????????????#"" "#????????#" """ #???? | | ?????????????? ""?????????#" """""""""#???? | | ???????????????" "?????????##" ###########???? | | ???????????????# #????????##"" #?????????????? | | ?????????????### ###?######"" #?????????????? | | ? """#####X# #"###""""""" ##????????????? | | """""" " "" ##???######### | | "" """ " #####"""""""" | | # " " " """ "" | | ?## "" " | | ??### " | | ????## | | ?????## @ | | ??????##" | | ???????#""" = """""" | | ???????#" % ######""" | | ????????" ""##????#####""" | | ????????"" """##?????????##""" | | ????????" """##???????????#"""" | | ????????" ""#????????????#"" | | ???????? ??????????????"""" | | ?????????? ?????????????? | | ???????????? ????????????? | | ?????????????? ?????????????? | | ????????????????? ?????????????? | | ?????????????????????????????????? " | | ?????????????????????????????????? "" """ | | ????????????????????????????????????"" " " ""#" | | ?????????????????????????????????????##""" ""?##"" | | ?????????????????????????????????????????"""???### | | ?????????????????????????????????????????????????? | | ?????????????????????????????????????????????????? | | ?????????????????????????????????????????????????? | | ?????????????????????????????????????????????????? | | ?????????????????????????????????????????????????? | | ?????????????????????????????????????????????????? | | ?????????????????????????????????????????????????? | +----------------------------------------------------+ Best States ------------- Heat Dissipation 25 Energy Generation 10 Energy Capacity 250 Matter Stores 299 Matter Capacity 300 Sight Range 16 Terrain Scan Density 10 Evasion (%) 50 Item Schematics ----------------- None Robot Schematics ------------------ None Fabricated ------------ Nothing Alien Tech Used ----------------- None Achievements -------------- None Challenges ------------ None Game ------ Seed ParticleTeslaWell Manual? 0 Play Time 00:09:52 Cumulative 41.1 hours Start 2020.04.26 @ 10:38:35 End 2020.04.26 @ 11:00:29 Sessions 1 Manual Loads 0 Difficulty Rogue Special Mode None Game No. 32 Rogue 31 Adventurer 0 Explorer 1 Win Type - Total 0 Types 0/0/0/0/0/0/0 Lore% 31 Gallery% 49 Achievement% 33 Wizard Run 0 Options --------- ASCII 0 Keyboard 0 Movement Numpad Keybinds 0 Fullscreen 1 Font 18/Smallcaps Map View 76x50 Tactical HUD 1 Map Filters NONE Filters NONE Steam X RUN: 15ad8ae8-69d9-4c40-b54c-10007fec2005